 Dungeon Crawl Stone Soup version 0.22.0-49-gab54619674 (webtiles) character file.

81 Kaderl the Firebug (level 4, -1/30 HPs)
             Began as a Human Fire Elementalist on Sept 7, 2018.
             Killed by nerve-wracking pain
             ... invoked by an orc priest
              (7 damage)
             ... on level 3 of the Dungeon.
             The game lasted 00:09:57 (2556 turns).

Kaderl the Firebug (Human Fire Elementalist)        Turns: 2556, Time: 00:09:57

Health: -1/30      AC:  2    Str:  9    XL:     4   Next: 67%
Magic:  2/7        EV: 12    Int: 16    God:
Gold:   97         SH:  0    Dex: 13    Spells: 4/7 levels left

rFire    . . .     SeeInvis .   e - +2 dagger (vamp)
rCold    . . .     Gourm    .   (no shield)
rNeg     . . .     Faith    .   a - +0 robe
rPois    .         Spirit   .   (no helmet)
rElec    .         Reflect  .   j - -1 cloak (curse)
rCorr    .         Harm     .   (no gloves)
MR       .....                  (no boots)
Stlth    ++........             (no amulet)
HPRegen  0.10/turn              (no ring)
MPRegen  0.10/turn              (no ring)

@: no status effects
A: no striking features
a: no special abilities


You were on level 3 of the Dungeon.
You were not hungry.

You visited 1 branch of the dungeon, and saw 4 of its levels.

You collected 97 gold pieces.

Inventory:

Hand Weapons
 e - a +2 vampiric dagger (weapon)
Armour
 a - a +0 robe (worn)
 j - a cursed -1 cloak (worn)
Scrolls
 g - a scroll of fear {unknown}
 h - a scroll of immolation
 k - a scroll of remove curse {unknown}
Potions
 b - 3 potions of agility
 d - 2 potions of haste {unknown}
 f - 2 potions of heal wounds {unknown}
 i - 2 potions of cancellation {unknown}
Comestibles
 c - 4 rations


   Skills:
 + Level 0.8 Short Blades
 + Level 2.3 Dodging
 + Level 2.1 Stealth
 + Level 2.3 Spellcasting
 + Level 1.8 Conjurations
 + Level 4.0 Fire Magic


You had 4 spell levels left.
You knew the following spells:

 Your Spells              Type           Power        Failure   Level  Hunger
a - Flame Tongue          Conj/Fire      ##...        6%          1    #......
b - Throw Flame           Conj/Fire      ##....       9%          2    ###....

Your spell library contained the following spells:

 Spells                   Type           Power        Failure   Level  Hunger
 Conjure Flame            Conj/Fire      ##......     19%         3    ###....
 Inner Flame              Hex/Fire       #.......     26%         3    ###....
 Sticky Flame             Conj/Fire      ##......     52%         4    #####..
 Fireball                 Conj/Fire      ##........   86%         5    ######.


Dungeon Overview and Level Annotations

Branches:
Dungeon (4/15)
 Temple: D:4-7

Altars:
Xom
Zin

Annotations:
D:3 Sigmund


Message History

Found a stone staircase leading down.
There is a stone staircase leading up here.
The orc priest hits you with a mace. The orc priest hits you with a dagger.
You climb upwards.
Level annotation: Sigmund Sigmund gestures at you while chanting.
The magic dart hits you!
Sigmund mumbles some strange words.
Sigmund flickers and vanishes!
Deactivating autopickup; reactivate with Ctrl-A.
The orc closely misses you.
There is a stone staircase leading down here.
A magic dart appears from out of thin air!
The magic dart hits you!
* * * LOW HITPOINT WARNING * * *
The orc priest hits you but does no damage.
You see here a tomahawk.
The orc priest calls down the wrath of Beogh upon you.
Pain shoots through your body!
You die...

.........##
#(........####. .
#..)......?......
#...............#
#..............
#........# ..
#..oo....#.#
#.>o@((....#
##.o...{..##
#.###.##....#
...# #......##
#..## #####@...
#.. ..... ...
...... ...#
......


You could see 2 orc priests and 2 orcs.

Vanquished Creatures
  Jessica (D:2)
  An adder (D:2)
  A worm (D:2)
  2 dart slugs (D:2)
  2 orcs (D:3)
  A giant cockroach (D:1)
  7 goblins
  4 hobgoblins
  3 jackals (D:2)
  3 bats
  2 frilled lizards (D:1)
  5 kobolds
  6 rats
38 creatures vanquished.

Vanquished Creatures (others)
  A quokka (D:2)
1 creature vanquished.

Grand Total: 39 creatures vanquished

Notes
Turn   | Place    | Note
-------+----------+-------------------------------------------
     0 | D:1      | Kaderl the Human Fire Elementalist began the quest for the
                  | Orb.
     0 | D:1      | Reached XP level 1. HP: 13/13 MP: 3/3
   195 | D:1      | Reached XP level 2. HP: 12/19 MP: 0/5
   861 | D:2      | Found a glowing silver altar of Zin.
   861 | D:2      | Found a shimmering altar of Xom.
   861 | D:2      | Noticed an angel
   921 | D:2      | Reached XP level 3. HP: 22/24 MP: 6/6
   961 | D:2      | Learned a level 2 spell: Throw Flame
   996 | D:2      | Noticed Jessica
   997 | D:2      | Killed Jessica
  1027 | D:2      | Reached XP level 4. HP: 30/30 MP: 4/7
  1338 | D:2      | Reached skill level 4 in Fire Magic
  1506 | D:2      | Noticed Sigmund
  2556 | D:3      | Killed from afar by an orc priest

Skill      XL: |  1  2  3  4 |
---------------+-------------+-----
Fire Magic     | 4 |  4.0
Short Blades   | |  0.8
Dodging        | |  2.3
Stealth        | |  2.1
Spellcasting   | |  2.3
Conjurations   | |  1.8

Action                   |  1- 3 |  4- 6 || total
-------------------------+-------+-------++-------
Melee: Dagger            |    28 |    14 ||    42
       Unarmed           |     9 |       ||     9
 Cast: Flame Tongue      |    23 |    38 ||    61
       Throw Flame       |       |     3 ||     3
  Use: Scroll            |     4 |       ||     4
  Eat: Ration            |     2 |     1 ||     3
Armor: Robe              |     5 |     3 ||     8
Dodge: Dodged            |    33 |    25 ||    58
